 Dungeon Crawl Stone Soup version 0.27-a0-1312-g5cdb2b3542 (webtiles) character file.

Game seed: 5894657904261362098

2074 hatdisgam the Carver (level 9, 0/67 HPs)
             Began as a Demonspawn Fighter on June 21, 2021.
             Was a Believer of Makhleb.
             Killed by divine providence
             ... invoked by an orc priest
              (13 damage)
             ... on level 7 of the Dungeon.
             The game lasted 00:09:26 (9103 turns).

hatdisgam the Carver (Demonspawn Fighter)           Turns: 9103, Time: 00:09:27

Health: 0/67       AC: 11    Str: 20    XL:     9   Next: 6%
Magic:  9/9        EV:  9    Int:  9    God:    Makhleb [**....]
Gold:   348        SH: 10    Dex: 13    Spells: 8/8 levels left

rFire    . . .     SeeInvis .   a - +0 long sword
rCold    . . .     Faith    .   c - +0 kite shield
rNeg     . . .     Spirit   .   b - +0 scale mail
rPois    .         Reflect  .   (helmet restricted)
rElec    .         Harm     .   (no cloak)
rCorr    .         Rampage  .   (no gloves)
Will     .....                  j - +0 pair of boots
Stlth    ..........             (no amulet)
HPRegen  0.21/turn              g - ring of flight
MPRegen  0.11/turn              (no ring)

@: flying
A: antennae 2, rugged brown scales 3, demonic guardian 1
a: Renounce Religion, Minor Destruction


You were on level 7 of the Dungeon.
You worshipped Makhleb.
Makhleb was pleased with you.
You visited 1 branch of the dungeon, and saw 7 of its levels.

You collected 348 gold pieces.

Inventory:

Hand Weapons
 a - a +0 long sword (weapon)
 d - a +0 whip of electrocution
 r - the +9 spear "Giantbane" {venom, rCorr}
   (You found it on level 6 of the Dungeon)

   It poisons the flesh of those it strikes.
   It protects you from acid and corrosion.
Missiles
 p - a curare-tipped dart (quivered)
Armour
 b - a +0 scale mail (worn)
 c - a +0 kite shield (worn)
 j - a +0 pair of boots (worn)
Jewellery
 g - a ring of flight (left hand)
Scrolls
 f - a scroll of noise {unknown}
 h - 4 scrolls of identify {unknown}
 i - 3 scrolls of enchant armour {unknown}
 l - 3 scrolls of teleportation {unknown}
 m - 2 scrolls of vulnerability {unknown}
 s - a scroll of enchant weapon {unknown}
Potions
 e - a potion of degeneration {unknown}
 k - a potion of curing
 n - a potion of ambrosia {unknown}
 o - a potion of attraction {unknown}
 q - a potion of brilliance {unknown}


   Skills:
 + Level 3.1 Fighting
 * Level 8.0 Long Blades
 - Level 5.0 Armour
 - Level 3.0 Dodging
 + Level 6.0 Shields


You had 8 spell levels left.
You didn't know any spells.
Your spell library contained the following spells:

 Spells                   Type           Power      Damage    Failure   Level
 Animate Skeleton         Necr           0%         N/A       98%         1
 Pain                     Necr           0%         1d4       98%         1
 Vampiric Draining        Necr           0%         2d6       100%        3
 Animate Dead             Necr           0%         N/A       100%        4
 Agony                    Necr           0%         N/A       100%        5


Dungeon Overview and Level Annotations

Branches:
Dungeon (7/15)             Temple (0/1) D:4

Altars:
Cheibriados
Dithmenos
Fedhas
Gozag
Makhleb
Okawaru
Ru
Uskayaw
Vehumet
Wu Jian
Xom
The Shining One

Shops:
D:6 *

Annotations:
D:6 1 runed translucent door, indyram44's ghost, novice MiBe


Innate Abilities, Weirdness & Mutations

You have a pair of antennae on your head.
You are completely covered in rugged brown scales. (AC +3, +7% HP)
A weak demonic guardian rushes to your aid.


Message History

You block the orc priest's attack. The orc warrior barely misses you.
You hit the orc priest but do no damage.
The orc priest is heavily wounded.
The orc priest looks satisfied for a moment.
The orc warrior hits you from afar with a +1 halberd of flaming!
The orc warrior burns you!
You hit the orc priest.
The orc priest is severely wounded.
You block the orc priest's attack.
The orc warrior hits you from afar with a +1 halberd of flaming!
The orc warrior burns you.
* * * LOW HITPOINT WARNING * * *
The orc priest miscasts a cantrip.
A puff of flame appears from out of thin air!
The puff of flame hits you!
* * * LOW HITPOINT WARNING * * *
A demonic guardian appears!
The orc priest calls upon Beogh to heal the orc priest.
You hear a shout!
The orc priest calls down the wrath of Beogh upon you.
Pain shoots through your body!
* * * LOW HITPOINT WARNING * * *
The orc priest calls down the wrath of Beogh upon you.
You struggle to resist.
You see here a +0 short sword of freezing.
It was a potion of curing.
You feel better.
Your shadow imp hits something.
The orc priest mumbles some strange prayers to Beogh against you.
Pain shoots through your body!
* * * LOW HITPOINT WARNING * * *
Your shadow imp misses the orc priest.
The orc priest misses your shadow imp.
Your shadow imp hits the orc priest but does no damage.
You hear some strange, mumbled words.
You are confused.
You feel better.
The orc priest hits your shadow imp with a +0 club.
Your shadow imp barely misses the orc priest.
The orc priest invokes the aid of Beogh against you.
Beogh smites you!
You die...

#....###.#.# #{.#....
#..#...#.#.# ####o##...
##...##.#.#.####..)o...#.
....##..........##...#..
............oo###..#..#
..#.....{.5#...##.#...
#.#.....o............#
#######.#..........###......
#..........@.##......#.##...
#.........####.....#........
#.........# #..........##...
#.<.....#.# #........####...
#.......#.# #........# #..##
#....(..#.# ##.......# #.#
#....oo...# #............
#........## #.......####.
#.......... ........#


You could see an orc warrior, 2 orc priests and a friendly shadow imp
(summoned).

Vanquished Creatures
  Sigmund (D:4)
  A black bear (D:5)
  2 necrophages (D:5)
  3 ice beasts
  2 ogres
  A kobold brigand (D:5)
  2 bullfrogs
  A scorpion (D:4)
  2 water moccasin zombies
  A water moccasin skeleton (D:4)
  4 howler monkeys
  3 jellies
  2 orc priests
  A bullfrog skeleton (D:6)
  3 hounds
  An iguana (D:5)
  3 orc wizards
  A killer bee zombie (D:7)
  A hound skeleton (D:4)
  5 gnolls
  A howler monkey skeleton (D:6)
  7 adders
  2 shadow imps
  2 white imps
  2 worms
  A dart slug (D:3)
  15 orcs
  4 bats
  8 endoplasms
  4 giant cockroaches
  2 goblins (D:2)
  9 hobgoblins
  14 jackals
  A quokka (D:1)
  7 ball pythons
  12 kobolds
  A rat (D:1)
132 creatures vanquished.

Notes
Turn   | Place    | Note
-------+----------+-------------------------------------------
     0 | D:1      | hatdisgam the Demonspawn Fighter began the quest for the
                  | Orb.
     0 | D:1      | Reached XP level 1. HP: 18/18 MP: 1/1
   383 | D:1      | Reached skill level 2 in Long Blades
   653 | D:1      | Gained mutation: You have a pair of small antennae on your
                  | head. [demonic ancestry]
   653 | D:1      | Reached XP level 2. HP: 7/24 MP: 2/2
  1283 | D:2      | Reached XP level 3. HP: 29/29 MP: 3/3
  1367 | D:2      | Reached skill level 3 in Long Blades
  1367 | D:2      | Reached skill level 1 in Dodging
  1443 | D:2      | Gained mutation: You have a pair of antennae on your head.
                  | [demonic ancestry]
  1443 | D:2      | Reached XP level 4. HP: 26/35 MP: 4/4
  1984 | D:2      | Found a burning altar of Makhleb.
  2255 | D:2      | Became a worshipper of Makhleb the Destroyer
  2581 | D:3      | Gained mutation: You are partially covered in rugged brown
                  | scales. (AC +1, +3% HP) [demonic ancestry]
  2581 | D:3      | Reached XP level 5. HP: 23/42 MP: 5/5
  3322 | D:4      | Noticed an ogre
  3339 | D:3      | Reached skill level 4 in Long Blades
  3546 | D:4      | Killed an ogre
  3547 | D:4      | Gained mutation: You are mostly covered in rugged brown
                  | scales. (AC +2, +5% HP) [demonic ancestry]
  3547 | D:4      | Reached XP level 6. HP: 29/49 MP: 6/6
  3678 | D:4      | Found a staircase to the Ecumenical Temple.
  4158 | D:4      | Noticed Sigmund
  4174 | D:4      | Killed Sigmund
  4175 | D:4      | Reached skill level 5 in Long Blades
  4175 | D:4      | Reached XP level 7. HP: 18/54 MP: 7/7
  4642 | D:4      | Reached * piety under Makhleb
  5093 | D:5      | Entered Level 5 of the Dungeon
  6297 | D:5      | Reached skill level 6 in Long Blades
  6619 | D:5      | Reached skill level 5 in Shields
  6619 | D:5      | Gained mutation: You are completely covered in rugged brown
                  | scales. (AC +3, +7% HP) [demonic ancestry]
  6619 | D:5      | Reached XP level 8. HP: 33/62 MP: 8/8
  6929 | D:5      | Found a shimmering altar of Xom.
  6932 | D:5      | Found a hide-covered altar of Uskayaw.
  6935 | D:5      | Found a snail-covered altar of Cheibriados.
  6936 | D:5      | Found an iron altar of Okawaru.
  6936 | D:5      | Found a blossoming altar of Fedhas.
  6937 | D:5      | Found an ornate altar of the Wu Jian Council.
  6938 | D:5      | Found a shadowy altar of Dithmenos.
  6939 | D:5      | Found a sacrificial altar of Ru.
  6940 | D:5      | Found an opulent altar of Gozag.
  6941 | D:5      | Found a radiant altar of Vehumet.
  7383 | D:6      | Identified the +9 spear "Giantbane" {venom, rCorr}
  7477 | D:6      | Reached skill level 7 in Long Blades
  7634 | D:6      | Found a runed translucent door.
  7636 | D:6      | Noticed indyram44's ghost (novice MiBe)
  7636 | D:6      | Noticed an eight-headed hydra
  7637 | D:6      | Found the +9 staff of Wucad Mu {*channel}
  7884 | D:6      | Found Kuta's Assorted Antiques.
  8939 | D:7      | Gained mutation: A weak demonic guardian rushes to your
                  | aid. [demonic ancestry]
  8939 | D:7      | Reached XP level 9. HP: 58/67 MP: 9/9
  9052 | D:7      | Reached skill level 5 in Armour
  9084 | D:7      | Reached ** piety under Makhleb
  9085 | D:7      | Reached skill level 8 in Long Blades
  9097 | D:7      | HP: 3/67 [orc priest/nerve-wracking pain (6)]
  9103 | D:7      | Killed from afar by an orc priest

Illustrated notes

Levels and vault maps discovered:
D:1:      saegor_arrival_simple_a, layout_loops_cross
D:2:      layout_basic, basic_altar
D:3:      layout_basic
D:4:      layout_basic, minmay_temple_entry_water_ring, serial_bayou_pond_e,
          uniq_sigmund
D:5:      minmay_evil_eye, layout_cave_pools, minitemple
D:6:      layout_cave_pools, serial_shops, kennysheep_mini,
          ebering_ghost_inner_flame
D:7:      layout_rooms, minmay_misc_feat_cross

Skill      XL: |  1  2  3  4  5  6  7  8  9 |
---------------+----------------------------+-----
Long Blades    | 2 3 4 5 6 7 8 |  8.0
Shields        | 3 4 5 6 |  6.0
Dodging        | 1 2 3 |  3.0
Armour         | 3 4 5 |  5.0
Fighting       | |  3.1

Action                   |  1- 3 |  4- 6 |  7- 9 || total
-------------------------+-------+-------+-------++-------
Melee: Long sword        |    71 |   168 |   373 ||   612
  Use: Potion            |       |     2 |     2 ||     4
Armor: Scale mail        |    42 |    66 |   178 ||   286
Dodge: Dodged            |    27 |    64 |   173 ||   264
Block: Kite shield       |    39 |   103 |   227 ||   369
       Rpst.: Long sword |     8 |    19 |    52 ||    79

Table legend: (Time is in decaauts)
 A = Elapsed time spent in this place.
 B = Non-inter-level travel time spent in this place.
 C = Inter-level travel time spent in this place.
 D = Time resting spent in this place.
 E = Time spent auto-exploring this place.
 F = Levels seen in this place.
 G = Mean time per level.
                   A        B        C        D        E       F      G
               +--------+--------+--------+--------+--------+-----+--------+
         Total |   9332 |   9206 |    126 |   2076 |   5675 |   7 | 1333.1 |
       Dungeon |   9332 |   9206 |    126 |   2076 |   5675 |   7 | 1333.1 |
               +--------+--------+--------+--------+--------+-----+--------+

Top non-repeatable levels by time:
     D:4: 2232 daAuts
     D:5: 1596 daAuts
     D:6: 1435 daAuts
     D:1: 1402 daAuts
     D:2: 1237 daAuts
     D:3: 979 daAuts
     D:7: 449 daAuts
